 Dungeon Crawl Stone Soup version 0.19.5 (webtiles) character file.

97 abbott299 the Chopper (level 4, -7/37 HPs)
             Began as a Draconian Warper on Apr 13, 2017.
             Mangled by an ice beast (11 damage)
             ... on level 3 of the Dungeon.
             The game lasted 00:05:37 (1826 turns).

abbott299 the Chopper (Draconian Warper)            Turns: 1826, Time: 00:05:39

Health: -7/37      AC:  6    Str: 15    XL:     4   Next: 42%
Magic:  7/7        EV: 12    Int: 13    God:
Gold:   155        SH:  0    Dex: 10    Spells: 0 memorised, 7 levels left

rFire  . . .     SeeInvis +     a - +1 hand axe
rCold  . . .     Gourm    .     (armour unavailable)
rNeg   . . .     Faith    .     (no shield)
rPois  .         Spirit   .     (helmet restricted)
rElec  .         Reflect  .     (no cloak)
rCorr  .         Harm     .     h - +0 pair of gloves
MR     .....                    (no boots)
Stlth  +.........               (no amulet)
                                (no ring)
                                o - ring of see invisible

@: slowed, very slow
A: unfitting armour, cold-blooded, AC +5
a: no special abilities


You were on level 3 of the Dungeon.
You were not hungry.

You visited 1 branch of the dungeon, and saw 4 of its levels.

You collected 155 gold pieces.

Inventory:

Hand Weapons
 a - a +1 hand axe (weapon)
Missiles
 d - 2 tomahawks of dispersal (quivered)
 j - 7 tomahawks
Armour
 h - a +0 pair of gloves (worn)
Jewellery
 o - a ring of see invisible (left hand)
Scrolls
 c - a scroll of blinking
 l - a scroll of teleportation {unknown}
 q - a scroll of remove curse
Potions
 e - a potion of heal wounds {unknown}
 i - 2 potions of ambrosia {unknown}
 k - a potion of invisibility
 n - 2 potions of mutation {unknown}
 r - a potion of berserk rage {unknown}
Books
 b - a book of Spatial Translocations

   Spells                             Type                      Level
   a - Blink                          Translocation                2
   b - Shroud of Golubria             Charms/Translocation         2
   c - Lesser Beckoning               Translocation                3
   d - Portal Projectile              Translocation                3
   e - Teleport Other                 Translocation                3
   f - Passage of Golubria            Translocation                4
Comestibles
 f - 5 bread rations
 g - 3 fruits
 m - a meat ration
 p - a chunk of flesh


   Skills:
 - Level 2.4 Fighting
 + Level 4.3 Axes
 - Level 1.0 Throwing
 - Level 2.3 Dodging
 - Level 0.2 Stealth
 - Level 2.1 Spellcasting
   Level 3.0 Translocations


You had 7 spell levels left.
You didn't know any spells.

Dungeon Overview and Level Annotations

Branches:
Dungeon (4/15)
 Temple: D:4-7

Altars:

Annotations:
D:3 Fingolfin792's ghost, amateur NaTm


Innate Abilities, Weirdness & Mutations

Your plain brown scales are hard. (AC +5)
You cannot fit into any form of body armour.
You are cold-blooded and may be slowed by cold attacks.


Message History

You barely miss the ice beast.
The ice beast is severely wounded.
The ice beast barely misses you.
You closely miss the ice beast.
The ice beast is severely wounded.
The ice beast hits you but does no damage.
You hit the ice beast.
The ice beast is almost dead.
The ice beast misses you.
You closely miss the ice beast.
Your tail-slap misses the ice beast.
The ice beast is almost dead.
The ice beast hits you. The ice beast freezes you!
You feel yourself slow down.
* * * LOW HITPOINT WARNING * * *
You hit the ice beast but do no damage.
The ice beast is almost dead.
The ice beast hits you.
* * * LOW HITPOINT WARNING * * *
The ice beast freezes you!
You feel as though you will be slow longer.
You die...

#.# #. #.# #. #.#
###.###.#############
.....................
###.###.############.
#. #.# ##. ##.###.###
.. #.. #..@.....#
....##. #.Y###.#.#
#... #..#...).# ##.#
#..####### ##† #.. +.
#.# #. #. .. ## ...
##.


You could see an ice beast.

Vanquished Creatures
  Ijyb (D:2)
  An adder (D:2)
  An ooze (D:2)
  A worm (D:2)
  3 leopard geckos (D:1)
  An orc (D:2)
  6 bats
  3 giant cockroaches (D:2)
  4 goblins
  8 hobgoblins
  4 jackals (D:1)
  7 kobolds
  A quokka (D:3)
  2 frilled lizards
  4 rats
47 creatures vanquished.

Notes
Turn   | Place    | Note
-------+----------+-------------------------------------------
     0 | D:1      | abbott299 the Draconian Warper began the quest for the Orb.
     0 | D:1      | Reached XP level 1. HP: 17/17 MP: 3/3
   108 | D:1      | Reached skill level 1 in Throwing
   375 | D:1      | Reached XP level 2. HP: 25/25 MP: 5/5
   740 | D:1      | Reached XP level 3. HP: 30/30 MP: 6/6
   746 | D:1      | Reached skill level 3 in Axes
  1114 | D:2      | Noticed Ijyb
  1148 | D:2      | Killed Ijyb
  1148 | D:2      | Reached XP level 4. HP: 30/37 MP: 7/7
  1150 | D:2      | Reached skill level 4 in Axes
  1458 | D:3      | Noticed Fingolfin792's ghost (amateur NaTm)
  1816 | D:3      | Noticed an ice beast
  1826 | D:3      | Mangled by an ice beast

Skill      XL: |  1  2  3  4 |
---------------+-------------+-----
Throwing       | 1 |  1.0
Axes           | 3 4 |  4.3
Fighting       | |  2.4
Dodging        | |  2.3
Stealth        | |  0.2
Spellcasting   | |  2.1
Translocations | |  3.0

Action                   |  1- 3 |  4- 6 || total
-------------------------+-------+-------++-------
Melee: Hand axe          |   144 |    42 ||   186
       Tailslap          |    19 |     3 ||    22
Throw: Tomahawk          |     3 |       ||     3
  Use: Scroll            |     4 |       ||     4
       Potion            |     2 |       ||     2
 Stab: Distracted        |       |     1 ||     1
       Sleeping          |       |     1 ||     1
  Eat: Chunk             |     1 |     2 ||     3
Armor: Skin              |    58 |    13 ||    71
Dodge: Dodged            |   101 |    20 ||   121
